 Dungeon Sprint DCSS version 0.26.1-11-gd32895ea62 (webtiles) character file.

Game seed: 3479441984318307598

1232 Zeld the Cleaver (level 8, -12/72 HPs)
             Began as a Minotaur Berserker on June 8, 2021.
             Was an Elder of Trog.
             Mangled by a boulder beetle (22 damage)
             ... in the Dungeon (Sprint II: "The Violet Keep of Menkaure").
             The game lasted 00:01:10 (721 turns).

Zeld the Cleaver (Minotaur Berserker)                Turns: 721, Time: 00:01:10

Health: -12/72     AC:  2    Str: 24    XL:     8   Next: 24%
Magic:  7/7        EV: 16    Int:  4    God:    Trog [****..]
Gold:   729        SH:  0    Dex: 10    Spells: 7/7 levels left

rFire    . . .     SeeInvis .   a - +0 hand axe
rCold    . . .     Faith    .   (no shield)
rNeg     . . .     Spirit   .   b - +0 animal skin
rPois    .         Reflect  .   (helmet restricted)
rElec    .         Harm     .   (no cloak)
rCorr    .         Rampage  .   (no gloves)
Will     .....     NoTele   +   (no boots)
Stlth    +.........             (no amulet)
HPRegen  0.22/turn              (no ring)
MPRegen  0.10/turn              (no ring)

@: berserk cooldown, slowed, very slow
A: retaliatory headbutt, horns 2, frail 1
a: Renounce Religion, Berserk, Trog's Hand, Brothers in Arms


You were in the Dungeon.
You worshipped Trog.
Trog was greatly pleased with you.
You visited 1 branch You collected 729 gold pieces.

Inventory:

Hand Weapons
 a - a +0 hand axe (weapon)
Armour
 b - a +0 animal skin (worn)
Scrolls
 h - a scroll of blinking
Potions
 c - a potion of curing
 d - a potion of heal wounds
 e - a potion of haste
 f - 2 potions of magic
 g - a potion of berserk rage


   Skills:
 * Level 10.3 Fighting
 - Level 14.0 Axes
 * Level 9.9 Armour
 * Level 9.1 Dodging


You had 7 spell levels left.
You didn't know any spells.
Your spell library was empty.

Dungeon Overview and Level Annotations

Branches:
Dungeon (1/1)

Altars:

Shops:
D [[:*(:?==}:(!![

Annotations:
D exclusion: oklob plant, Roxanne


Innate Abilities, Weirdness & Mutations

You reflexively headbutt those who attack you in melee.
You have a pair of horns on your head.
You are frail. (-10% HP)


Message History

There is an open door, spattered with blood here.
You see here a water moccasin corpse.
You feel a strong urge to attack something.
You are no longer berserk.
Trog's vigour flows through your veins.
You are exhausted.
You feel yourself slow down.
Okay, then.
You hit the boulder beetle but do no damage.
You headbutt the boulder beetle, but do no damage.
The boulder beetle is lightly wounded.
The boulder beetle hits you!!
The boulder beetle stops rolling and uncurls.
The boulder beetle misses you. The boulder beetle bites you!!
There is an open door, spattered with blood here.
You see here a water moccasin corpse.
The boulder beetle bites you!
* * * LOW HITPOINT WARNING * * *
The boulder beetle bites you!!
You die...

#########≈≈≈...
........#≈≈≈≈.##+##
...⌠....#≈≈≈≈##...## ##
..∩.∩...#≈≈≈≈#..#..# ..
.∩.∩.∩..#≈≈# ##.#.####..
∩.∩.∩.∩.#≈##.###'###.##.
.∩.....∩#≈#$..##.###..#.
∩.....∩@B≈'# #+.<.'##.'.
.......B#≈#...##.##.#.#.
▓▓▓▓▓▓###≈##.###'###.##§
([Y######≈≈####.#.####≈§


?)D ##≈≈≈#.###.#≈≈≈≈ ∩P #+#≈##.#.##≈≈§≈ ( #≈≈##+##≈≈§≈≈ ##≈≈≈≈≈≈≈≈≈≈§
#+++#+++#≈≈≈ You could see a fire dragon, a death yak, 2 boulder beetles and an
oklob plant.

Vanquished Creatures
  2 wyverns (D)
  4 neqoxecs (D)
  A water moccasin (D)
  4 necrophages (D)
11 creatures vanquished.

Vanquished Creatures (others)
  Menkaure (D)
  A water moccasin (D)
2 creatures vanquished.

Grand Total: 13 creatures vanquished

Notes
Turn   | Place    | Note
-------+----------+-------------------------------------------
     0 | D        | Zeld the Minotaur Berserker began the quest for the Orb.
     0 | D        | Reached XP level 1. HP: 19/19 MP: 0/0
     1 | D        | Noticed a necrophage
     1 | D        | Noticed a necrophage
     1 | D        | Noticed a necrophage
     1 | D        | Noticed a necrophage
     8 | D        | Killed a necrophage
     9 | D        | Reached skill level 10 in Axes
     9 | D        | Reached XP level 2. HP: 26/26 MP: 1/1
     9 | D        | Reached XP level 3. HP: 31/31 MP: 2/2
     9 | D        | Reached XP level 4. HP: 39/39 MP: 3/3
    12 | D        | Killed a necrophage
    13 | D        | Reached skill level 13 in Axes
    13 | D        | Reached XP level 5. HP: 45/45 MP: 4/4
    17 | D        | Killed a necrophage
    17 | D        | Reached ** piety under Trog
    18 | D        | Reached skill level 14 in Axes
    26 | D        | Killed a necrophage
    27 | D        | Reached skill level 5 in Fighting
    27 | D        | Reached XP level 6. HP: 50/56 MP: 5/5
    37 | D        | Killed a water moccasin
    55 | D        | Killed Menkaure
    68 | D        | Noticed a boulder beetle
    68 | D        | Noticed a boulder beetle
    74 | D        | Noticed a wyvern
    74 | D        | Noticed a wyvern
    82 | D        | Killed a wyvern
    83 | D        | Reached skill level 5 in Dodging
    89 | D        | Killed a wyvern
    89 | D        | Reached *** piety under Trog
    90 | D        | Reached XP level 7. HP: 23/68 MP: 6/6
   347 | D        | Noticed a neqoxec
   347 | D        | Noticed a neqoxec
   350 | D        | Noticed a neqoxec
   353 | D        | Killed a neqoxec
   356 | D        | Killed a neqoxec
   359 | D        | Killed a neqoxec
   360 | D        | Reached XP level 8. HP: 77/79 MP: 7/7
   367 | D        | Gained mutation: You are frail. (-10% HP) [a neqoxec]
   372 | D        | Reached **** piety under Trog
   373 | D        | Reached skill level 10 in Fighting
   546 | D        | Identified Roxanne's Papyrus of Transmutation
   546 | D        | Noticed Roxanne
   549 | D        | Found Ruzxueq's Antique Armour Shop.
   550 | D        | Found Jaeqooc's Distillery.
   550 | D        | Found Pufimof's Distillery.
   551 | D        | Found Xootesas's Antique Weapon Shop.
   552 | D        | Found Fotzushi's Gadget Boutique.
   552 | D        | Found Korieheh's Book Boutique.
   553 | D        | Found Denaig's Jewellery Shop.
   553 | D        | Found Sylitwouwo's Jewellery Shop.
   554 | D        | Found Duwuats Roec's Magic Scroll Shop.
   554 | D        | Found Aqomut's Book Boutique.
   554 | D        | Noticed a death yak
   557 | D        | Found Orchi's Weapon Shop.
   557 | D        | Found Vog Wiu's Assorted Antiques.
   557 | D        | Noticed an oklob plant
   557 | D        | Noticed a fire dragon
   558 | D        | Found Veaschejo's Antique Armour Shop.
   558 | D        | Found Nofint's Antique Armour Boutique.
   558 | D        | Found Peakh's Book Shoppe.
   721 | D        | Mangled by a boulder beetle

Illustrated notes

Levels and vault maps discovered:
D:        the_violet_keep_of_menkaure [sprint2_stairs_cluster_1,
          sprint2_shoproom, sprint2_temple, sprint2_basic_supplies,
          sprint2_obstacle_6, sprint2_obstacle_1, sprint2_obstacle_4,
          sprint2_obstacle_7, sprint2_obstacle_3, sprint2_timed_cluster_1,
          sprint2_smallroom_cluster_1, sprint2_smallroom_final_cluster_1,
          sprint2_transparent_cluster_1, sprint2_second_timed_cluster_1,
          sprint2_sniper_area_1, sprint2_heavy_combat_area_1,
          sprint2_mutation_trap_area_1, sprint2_forest_area_1,
          sprint2_light_combat_area_1, sprint2_behind_water_1,
          sprint2_near_end_vault_1]

Skill      XL: |  1  2  3  4  5  6  7  8 |
---------------+-------------------------+-----
Axes           | 10 13 14 | 14.0
Fighting       | 5 8 9 10 | 10.3
Armour         | 4 7 9 |  9.9
Dodging        | 4 6 8 9 |  9.1

Action                   |  1- 3 |  4- 6 |  7- 9 || total
-------------------------+-------+-------+-------++-------
Melee: Hand axe          |     6 |    29 |    26 ||    61
       Headbutt          |       |     5 |    10 ||    15
Invok: Berserk           |     1 |     1 |     2 ||     4
Armor: Animal skin       |     1 |     1 |       ||     2
Dodge: Dodged            |     1 |    10 |     8 ||    19
